 Dungeon Crawl Stone Soup version 0.28.0-53-g5a82cb258f (webtiles) character file.

Game seed: 11544173071197267755

102 acdeimund the Ducker (level 4, -6/35 HPs)
             Began as a Merfolk Gladiator on July 29, 2022.
             Killed from afar by an orc wizard (7 damage)
             ... with a puff of flame
             ... on level 3 of the Dungeon.
             The game lasted 00:06:40 (3169 turns).

acdeimund the Ducker (Merfolk Gladiator)            Turns: 3169, Time: 00:06:40

Health: -6/35      AC:  4    Str: 14    XL:     4   Next: 77%
Magic:  4/4        EV: 14    Int:  7    God:
Gold:   61         SH:  0    Dex: 17    Spells: 3/3 levels left

rFire   . . .      SeeInvis .   a - +0 long sword
rCold   . . .      Faith    .   (no shield)
rNeg    . . .      Spirit   .   b - +0 leather armour
rPois   .          Reflect  .   c - +0 helmet
rElec   .          Harm     .   (no cloak)
rCorr   .          Rampage  .   (no gloves)
Will    .....                   (no boots)
Stlth   +.........              (no amulet)
HPRegen 0.11/turn               (no ring)
MPRegen 0.09/turn               (no ring)

@: about to teleport
A: (nimble swimmer 2), mertail
a: no special abilities


You were on level 3 of the Dungeon.
You visited 1 branch of the dungeon, and saw 4 of its levels.

You collected 61 gold pieces.

Inventory:

Hand Weapons
 a - a +0 long sword (weapon)
 l - a +2 dagger of venom
Missiles
 d - 3 throwing nets
 h - 110 stones (quivered)
Armour
 b - a +0 leather armour (worn)
 c - a +0 helmet (worn)
 m - a +0 buckler
Scrolls
 e - 2 scrolls of teleportation
 g - 2 scrolls of amnesia {unknown}
 i - 4 scrolls of identify {unknown}
Potions
 f - a potion of lignification {unknown}
 j - a potion of curing {unknown}
 k - 2 potions of flight {unknown}


   Skills:
 + Level 3.2 Fighting
 * Level 4.7 Long Blades
 - Level 2.0 Throwing
 + Level 4.9 Dodging


You had 3 spell levels left.
You didn't know any spells.
Your spell library contained the following spells:

 Spells                   Type           Power      Damage    Failure   Level
 Tukima's Dance           Hex            0%         N/A       87%         3
 Passage of Golubria      Tloc           0%         N/A       99%         4
 Yara's Violent Unravell  Hex/Tmut       0%         3d3       100%        5


Dungeon Overview and Level Annotations

Branches:
Dungeon (4/15)
 Temple: D:4-7

Altars:
The Shining One

Annotations:
D:3 Grinder, Terence


Innate Abilities, Weirdness & Mutations

((You are very nimble when in or above water. (Stealth+, EV+, Speed+++)))
Your lower body shifts to a powerful aquatic tail in water.


Message History

Things that are here:
a +0 hand axe; a +0 leather armour
There is a stone staircase leading down here.
You climb downwards.
The orc closely misses you. The orc barely misses you. The iguana misses you.
There is a stone staircase leading up here.
The orc hits you but does no damage.
The orc wizard hits you but does no damage.
The orc barely misses you. The iguana completely misses you.
You climb upwards.
Level annotation: Grinder, Terence
There is a stone staircase leading down here.
You hit the orc.
The orc is heavily wounded.
The orc wizard hits you with a +0 dagger.
The orc barely misses you. The iguana bites you!
The orc hits you with a +0 falchion.
You hit the orc.
You kill the orc!
The orc wizard hits you but does no damage.
The iguana closely misses you. The orc misses you.
The orc wizard hits you with a +0 dagger.
You closely miss the orc. The iguana barely misses you.
The orc closely misses you.
The orc wizard hits you but does no damage.
The orc completely misses you. The iguana bites you.
You barely miss the orc.
The orc wizard gestures at you while chanting.
The puff of flame hits you. The orc closely misses you. The iguana bites you!
* * * LOW HITPOINT WARNING * * *
You hit the orc.
The orc is lightly wounded.
The orc wizard hits you with a +0 dagger.
* * * LOW HITPOINT WARNING * * *
The iguana closely misses you. The orc hits you but does no damage.
As you read the scroll labelled DOS COAGAOPREET, it crumbles to dust.
You feel strangely unstable.
It was a scroll of teleportation.
The orc wizard gestures at you while chanting.
The puff of flame hits you!
You die...

.................#
≈.≈......######..#
P.≈♣.....#.......#
≈.≈♣P....#.......#
≈.≈≈♣≈...#.......#
≈.≈≈♣♣...#.......#
≈.≈≈♣♣...#.......#
≈.≈P≈#####.....[o#
≈.≈♣♣# #.......l@#
P.≈♣ ##......o)#
≈.≈♣ #..).....#
≈.≈♣♣# #.########
P.≈≈≈♣###.#
≈.≈≈≈♣....#
≈.≈≈≈≈.####
≈.≈≈≈♣.# ≈.≈P≈≈.#


You could see an iguana, an orc wizard and an orc.

Vanquished Creatures
  Robin (D:2)
  2 adders (D:2)
  2 orcs (D:3)
  7 endoplasms
  4 giant cockroaches
  14 goblins
  9 hobgoblins
  2 jackals (D:2)
  8 kobolds
  2 quokkas
  4 ball pythons
  2 bats
  A frilled lizard (D:1)
  3 rats
61 creatures vanquished.

Vanquished Creatures (others)
  2 plants (D:3)
2 creatures vanquished.

Grand Total: 63 creatures vanquished

Notes
Turn   | Place    | Note
-------+----------+-------------------------------------------
     0 | D:1      | acdeimund the Merfolk Gladiator began the quest for the
                  | Orb.
     0 | D:1      | Reached XP level 1. HP: 16/16 MP: 1/1
   315 | D:1      | Reached XP level 2. HP: 14/23 MP: 2/2
   715 | D:1      | Reached XP level 3. HP: 22/28 MP: 3/3
  1213 | D:2      | Found a faded altar of an unknown god.
  1559 | D:2      | Reached XP level 4. HP: 24/35 MP: 4/4
  2293 | D:3      | Noticed Terence
  2354 | D:3      | Noticed Robin
  2661 | D:2      | Killed Robin
  3057 | D:3      | Found a glowing golden altar of the Shining One.
  3060 | D:3      | Noticed Grinder
  3168 | D:3      | HP: 1/35 [orc wizard/+0 dagger (3)]
  3169 | D:3      | Killed from afar by an orc wizard

Illustrated notes

Levels and vault maps discovered:
D:1:      sevenhm_arrival_forest_fort_small_5, layout_loops_ring,
          minmay_liquid_box, kennysheep_small_spiral, minmay_surrounded
D:2:      layout_rooms, serial_co_window_serial, co_window_paths_b,
          co_window_paths_a, co_window_paths_a, co_window_cross_1,
          co_window_corner_a, co_window_paths_a, co_window_paths_a,
          co_window_corner_b, co_window_cross_3, co_window_corner_cb,
          co_window_broadway_c, co_window_2corner, co_window_sun,
          co_window_4corner_a, glass_columns_a,
          shapermc_ecumenical_altar_pompeii, minmay_heptomino_d4
D:3:      layout_basic, nicolae_overflow_hidden_temple, serial_bayou,
          serial_bayou_crossing, serial_bayou_lake_a, serial_bayou_shore_b,
          serial_bayou_pond_e, serial_bayou_lagoon_b, uniq_terence,
          uniq_grinder, uniq_sigmund, uniq_robin
D:4:      layout_rooms, gammafunk_ghost_nasty_kobolds, serial_shops,
          nicolae_take_the_stairs, minmay_misc_feat_five,
          kennysheep_generic_room_2

Skill      XL: |  1  2  3 |
---------------+----------+-----
Long Blades    | 4 |  4.7
Fighting       | 3 |  3.2
Throwing       | |  2.0
Dodging        | |  4.9

Action                   |  1- 3 |  4- 6 || total
-------------------------+-------+-------++-------
Melee: Long sword        |    99 |    81 ||   180
       Tailslap          |       |     3 ||     3
       Punch             |       |     2 ||     2
  Use: Scroll            |       |     1 ||     1
 Stab: Sleeping          |     1 |       ||     1
Armor: Leather armour    |    39 |    24 ||    63
Dodge: Dodged            |    76 |    78 ||   154
